 Dungeon Crawl Stone Soup version 0.27-a0-1296-g8ece459b43 (console) character file.

Game seed: 13646084727381741089

61567 Hector the Severer (level 15, 0/130 HPs)
             Began as a Hill Orc Abyssal Knight on June 16, 2021.
             Was a High Priest of Lugonu.
             Slain by a large abomination (25 damage)
             ... summoned by Lugonu's corruption
             ... on level 2 of the Orcish Mines.
             The game lasted 01:51:38 (36033 turns).

Hector the Severer (Hill Orc Abyssal Knight)       Turns: 36033, Time: 01:51:39

Health: 0/130      AC: 23    Str: 22    XL:     15   Next: 3%
Magic:  15/22      EV: 12    Int: 12    God:    Lugonu [*****.]
Gold:   1464       SH: 16    Dex: 12    Spells: 14/14 levels left

rFire    + + .     SeeInvis .   a - +1 war axe
rCold    + + +     Faith    +   i - +2 shield of Resistance {rF++ rC++ Will++}
rNeg     . . .     Spirit   .   d - +0 plate armour
rPois    +         Reflect  .   h - +2 helmet of the Merchant {rC++}
rElec    .         Harm     .   (no cloak)
rCorr    .         Rampage  .   g - +0 pair of gloves
Will     +++..                  f - +0 pair of boots
Stlth    ..........             C - amulet of faith
HPRegen  0.31/turn              P - ring of poison resistance
MPRegen  0.18/turn              E - +4 ring of evasion

@: no status effects
A: agile 1
a: Renounce Religion, Depart the Abyss, Bend Space, Banish, Corrupt, Enter the
Abyss


You were on level 2 of the Orcish Mines.
You worshipped Lugonu.
Lugonu was extremely pleased with you.
You visited 3 branches of the dungeon, and saw 20 of its levels.
You visited the Abyss 1 time.

You collected 1802 gold pieces.
You spent 338 gold pieces at shops.

Inventory:

Hand Weapons
 a - a +1 war axe (weapon)
 b - a +3 spear of flaming
 n - a +2 hand axe of draining
 t - a +0 hunting sling
 X - a +0 vorpal hand axe
Missiles
 u - 35 sling bullets
 y - 3 throwing nets
 G - 19 poisoned darts
 M - 17 javelins (quivered)
 R - 8 atropa-tipped darts
 W - 14 boomerangs
Armour
 d - a +0 plate armour (worn)
 e - +0 acid dragon scales
 f - a +0 pair of boots (worn)
 g - a +0 pair of gloves (worn)
 h - the +2 helmet of the Merchant (worn) {rC++}
   (You bought it in a shop on level 7 of the Dungeon)

   It greatly protects you from cold.
 i - the +2 shield of Resistance (worn) {rF++ rC++ Will++}
   (You acquired it on level 3 of the Dungeon)

   It greatly protects you from fire.
   It greatly protects you from cold.
   It greatly increases your willpower.
Jewellery
 o - a ring of ice
 q - a ring of flight
 C - an amulet of faith (around neck)
 E - a +4 ring of evasion (right hand)
 F - a ring of protection from fire
 P - a ring of poison resistance (left hand)
Wands
 l - a wand of flame (6)
 s - a wand of digging (3)
 B - a wand of iceblast (8)
 Z - a wand of mindburst (6)
Scrolls
 c - 6 scrolls of teleportation
 j - a scroll of fear
 m - 2 scrolls of magic mapping
 v - a scroll of amnesia
 Q - a scroll of fog
Potions
 p - a potion of berserk rage
 A - a potion of magic
 H - 4 potions of curing
 K - 2 potions of flight
 N - a potion of cancellation {unknown}
 O - a potion of resistance
 V - a potion of haste
Miscellaneous
 U - a lightning rod (4/4)


   Skills:
 * Level 11.2 Fighting
 - Level 16.0 Axes
 * Level 14.1 Armour
 + Level 2.1 Dodging
 - Level 15.0 Shields
 - Level 10.6 Invocations


You had 14 spell levels left.
You didn't know any spells.
Your spell library contained the following spells:

 Spells                   Type           Power      Damage    Failure   Level
 Animate Skeleton         Necr           0%         N/A       97%         1
 Apportation              Tloc           0%         N/A       97%         1
 Corona                   Hex            0%         N/A       97%         1
 Magic Dart               Conj           0%         1d3       97%         1
 Pain                     Necr           0%         1d4       97%         1
 Summon Small Mammal      Summ           0%         N/A       97%         1
 Blink                    Tloc           N/A        N/A       99%         2
 Call Imp                 Summ           0%         N/A       99%         2
 Slow                     Hex            0%         N/A       99%         2
 Conjure Flame            Conj/Fire      0%         6-21      100%        3
 Mephitic Cloud           Conj/Pois/Air  0%         N/A       100%        3
 Vampiric Draining        Necr           0%         2d6       100%        3
 Animate Dead             Necr           0%         N/A       100%        4
 Agony                    Necr           0%         N/A       100%        5


Dungeon Overview and Level Annotations

Branches:
Dungeon (13/15)            Temple (0/1) D:7            Lair (5/6) D:10
  Swamp (0/4) Lair:4          Orc (2/2) D:12         Vaults (0/5) D:13
  Snake: Lair:2-4    Spider: Lair:2-4     Slime: Lair:5-6       Elf: Orc:2

Altars:
Ashenzari
Nemelex Xobeh
Uskayaw
Xom
Beogh

Shops:
D:1 [   D:7 [   Orc:2 ?

Annotations:
D:3 2 transporters, Glokmah's ghost, amateur HuMo
D:5 Prince Ribbit
D:13 Rupert
Lair:1 exclusion: 3 oklob plants
Lair:2 2 transporters
Lair:3 exclusion: upstairs
Orc:1 3 runed translucent doors, Puloh's ghost, journeyman TrFi
Orc:2 corrupted
Abyss:1 Maurice; Pikel


Innate Abilities, Weirdness & Mutations

You are agile. (Dex +2)


Message History

Unknown command.
Unknown command.
You hit the orc warrior.
The orc warrior is heavily wounded.
The thrashing horror tramples the ogre!
The ogre holds its ground!
The thrashing horror barely misses the ogre.
The quasit bites the deep troll but does no damage.
The quasit claws the deep troll but does no damage.
The quasit misses the deep troll.
The thrashing horror barely misses the troll.
The thrashing horror closely misses the troll.
The ufetubus hits the two-headed ogre. x2
The tentacled starspawn bites the orc warrior!!
The orc warrior dies!
A starcursed mass splits.
The white imp closely misses the two-headed ogre.
The starspawn tentacle grabs the deep troll.
The starspawn tentacle constricts the deep troll.
The ogre misses the thrashing horror.
The two-headed ogre closely misses the ufetubus.
The two-headed ogre hits the ufetubus with a +0 giant club!!
The ufetubus dies!
The ynoxinul gestures.
The small abomination hits the two-headed ogre!
The two-headed ogre dies!
The small abomination hits the two-headed ogre!
You hear a shout! x3
The thrashing horror tramples the ogre!
The ogre holds its ground!
The ogre dies!
The thrashing horror tramples the troll!
The troll holds its ground!
The thrashing horror closely misses the troll.
The quasit bites the deep troll but does no damage.
The quasit claws the deep troll but does no damage. x2
The deep troll bites the iron imp!!
The iron imp dies!
The two-headed ogre barely misses the small abomination.
The two-headed ogre closely misses the small abomination.
The large abomination hits you!!
You die...

## ...#.##
.####..#....
###.##..#.#...
##.)...........
#.<.)..XZ3.....
#.))[W#xx5.X...
#.#)35))4..∩.3.
#.÷XX.5#.....#
##.#@5x#.........
#.3.XxXO.#.....#
#.55v.wwO5...XOO..
###...T5X.EO......
##.#..XT...O....
....#O#.To.....
.....x...X......
......#.#<.#.T...
................


You could see a two-headed ogre, a deep troll, 2 trolls, 3 ogres, an orc, 2
neutral starcursed masses, a neutral tentacled starspawn (summoned), a neutral
thrashing horror (summoned), 5 neutral large abominations, a neutral earth
elemental (summoned), a neutral freezing wraith (summoned), a neutral
worldbinder (summoned), a neutral will-o-the-wisp (summoned), a neutral smoke
demon (summoned), 2 neutral ynoxinuls, a neutral chaos spawn (summoned), 4
neutral small abominations, 2 neutral starspawn tentacles, a neutral quasit
(summoned), 2 neutral white imps, 5 neutral ufetubi and a neutral frost giant
zombie (summoned).

Vanquished Creatures
  An ogre mage (Orc:1)
  3 centaur warriors (D:13)
  6 two-headed ogres
  Urug (D:12)
  A swamp dragon (shapeshifter) (D:10)
  An orc knight (D:12)
  6 wizards (D:12)
  2 manticores
  A deep elf pyromancer (D:11)
  2 orc sorcerers (Orc:1)
  A cyclops (Orc:1)
  3 ugly things (D:12)
  3 centaur zombies
  2 black mambas
  An elephant (D:10)
  12 cane toads
  2 gargoyles
  2 rime drakes (Lair:4)
  7 komodo dragons
  A kobold demonologist (D:10)
  An efreet (D:13)
  7 trolls
  5 polar bears
  10 blink frogs
  5 dream sheep (Lair:4)
  5 slime creatures (D:13)
  44 yaks
  2 wyverns
  A spriggan (shapeshifter) (D:13)
  A shadow (D:11)
  3 vampires
  A redback (shapeshifter) (D:13)
  3 wraiths
  A basilisk (D:12)
  15 humans (D:13)
  A steam dragon (D:10)
  8 wargs
  13 vampire mosquitoes
  13 water moccasins
  2 acid dragons
  5 orc warriors
  An ice beast (D:7)
  3 black bears
  6 wolves (Lair:3)
  10 ogres
  9 centaurs
  A kobold brigand (D:10)
  12 bullfrogs
  2 scorpions
  2 gnoll sergeants
  26 killer bees
  3 howler monkeys
  11 orc priests
  A hound (D:7)
  2 bullfrog skeletons
  7 orc wizards
  A hound skeleton (D:4)
  A howler monkey skeleton (D:7)
  Robin (D:4)
  A howler monkey zombie (D:8)
  9 adders
  10 gnolls
  2 white imps
  An ufetubus (D:5)
  2 worms
  3 dart slugs
  65 orcs
  8 ball pythons
  7 endoplasms
  5 giant cockroaches
  10 hobgoblins
  11 jackals
  3 quokkas
  6 bats
  2 frilled lizards
  16 goblins
  8 kobolds
  2 rats
474 creatures vanquished.

Vanquished Creatures (others)
  3 two-headed ogres (Orc:2)
  2 wizards (D:12)
  A basilisk (D:13)
  An orc warrior (Orc:2)
  An ogre (Orc:2)
  18 fungi
  47 plants
73 creatures vanquished.

Grand Total: 547 creatures vanquished

Notes
Turn   | Place    | Note
-------+----------+-------------------------------------------
     0 | Abyss:1  | Hector the Hill Orc Abyssal Knight began the quest for the
                  | Orb.
     0 | Abyss:1  | Reached XP level 1. HP: 19/19 MP: 2/2
     0 | D:1      | Escaped the Abyss
   126 | D:1      | Reached skill level 3 in Axes
   268 | D:1      | Found Nell's Armour Shoppe.
   300 | D:1      | Reached * piety under Lugonu
   301 | D:1      | Reached XP level 2. HP: 22/25 MP: 3/3
   558 | D:1      | Reached skill level 4 in Axes
  1048 | D:1      | Reached XP level 3. HP: 31/33 MP: 5/5
  1232 | D:2      | Reached skill level 5 in Axes
  1311 | D:2      | Reached XP level 4. HP: 36/40 MP: 6/6
  1583 | D:2      | Reached skill level 1 in Dodging
  1715 | D:2      | Found a faded altar of an unknown god.
  1927 | D:1      | Bought a +0 kite shield for 63 gold pieces
  1968 | D:3      | Identified a scroll of acquirement
  1968 | D:3      | Acquired the +2 shield of Resistance {rF++ rC++ Will++}
  1969 | D:3      | Found the +2 shield of Resistance {rF++ rC++ Will++}
  2140 | D:3      | Reached ** piety under Lugonu
  2564 | D:3      | Reached XP level 5. HP: 46/46 MP: 7/7
  3036 | D:3      | Found a transporter.
  3036 | D:3      | Noticed Glokmah's ghost (amateur HuMo)
  3041 | D:3      | Found a transporter.
  3358 | D:4      | Noticed Robin
  3425 | D:4      | Identified the +1 long sword "Siaviz" {vorpal, rC+ Str+6}
  3631 | D:4      | Killed Robin
  3632 | D:4      | Reached skill level 1 in Shields
  3720 | D:4      | Reached skill level 6 in Axes
  3741 | D:4      | Reached XP level 6. HP: 47/52 MP: 8/8
  4112 | D:5      | Entered Level 5 of the Dungeon
  4681 | D:5      | Noticed a black bear
  5428 | D:6      | Noticed Prince Ribbit
  5797 | D:6      | Noticed an orc warrior
  5810 | D:6      | HP: 1/52 [something/magic dart (3)]
  5822 | D:6      | HP: 2/52 [ufetubus (1)]
  5854 | D:6      | HP: 2/52 [ufetubus (4)]
  5860 | D:5      | Gained mutation: You are agile. (Dex +2) [potion of
                  | mutation]
  7442 | D:7      | Reached XP level 7. HP: 25/59 MP: 10/10
  7720 | D:7      | Found Qon Hak's Antique Armour Emporium.
  7766 | D:7      | Noticed a yak
  7766 | D:7      | Noticed a yak
  7767 | D:7      | Noticed a yak
  7790 | D:7      | Noticed a yak
  7816 | D:6      | Killed a yak
  7817 | D:6      | Reached skill level 5 in Invocations
  8266 | D:6      | Killed a yak
  8267 | D:6      | Reached skill level 7 in Axes
  8542 | D:6      | Killed a yak
  8543 | D:6      | Reached skill level 5 in Armour
  8543 | D:6      | Reached XP level 8. HP: 37/67 MP: 10/12
  8695 | D:7      | Killed a yak
  8696 | D:7      | Reached skill level 5 in Fighting
  8696 | D:7      | Reached skill level 8 in Axes
  9023 | D:6      | Reached *** piety under Lugonu
  9861 | D:7      | Found a staircase to the Ecumenical Temple.
 10167 | D:8      | Noticed a yak
 10167 | D:8      | Noticed a yak
 10167 | D:8      | Noticed a yak
 10196 | D:7      | Killed a yak
 10197 | D:7      | Reached XP level 9. HP: 66/75 MP: 13/13
 10211 | D:7      | Reached skill level 5 in Shields
 10460 | D:7      | Reached skill level 9 in Axes
 11067 | D:8      | Noticed Pikel
 11139 | D:8      | Banished Pikel
 11537 | D:8      | Reached XP level 10. HP: 72/84 MP: 15/15
 11929 | D:7      | Bought a faintly humming helmet for 275 gold pieces
 11929 | D:7      | Identified the +2 helmet of the Merchant {rC++} (You bought
                  | it in a shop on level 7 of the Dungeon)
 12350 | D:9      | Noticed Maurice
 13034 | D:8      | Reached **** piety under Lugonu
 13415 | D:9      | Noticed a two-headed ogre
 13416 | D:9      | Banished a two-headed ogre
 13452 | D:9      | Noticed a brown ugly thing
 13453 | D:9      | Banished a brown ugly thing
 13454 | D:9      | Reached skill level 10 in Axes
 13630 | D:9      | Found a shimmering altar of Xom.
 13641 | D:9      | Noticed a two-headed ogre
 13643 | D:9      | Banished a two-headed ogre
 13704 | D:9      | Banished Maurice
 13813 | D:9      | Reached XP level 11. HP: 94/94 MP: 17/17
 14417 | D:10     | Entered Level 10 of the Dungeon
 14511 | D:10     | Noticed a two-headed ogre
 14513 | D:10     | Banished a two-headed ogre
 14618 | D:10     | Noticed an orb spider
 15105 | D:10     | Reached skill level 10 in Armour
 15166 | D:10     | Found a staircase to the Lair.
 16033 | Lair:1   | Entered Level 1 of the Lair of Beasts
 16033 | Lair:1   | Noticed a seven-headed hydra
 16595 | Lair:1   | Reached skill level 11 in Axes
 16633 | Lair:1   | Reached skill level 10 in Invocations
 17593 | Lair:1   | Reached skill level 10 in Shields
 17947 | Lair:1   | Banished a seven-headed hydra
 17948 | Lair:1   | Reached XP level 12. HP: 103/103 MP: 6/19
 18078 | Lair:1   | Found a hide-covered altar of Uskayaw.
 19559 | Lair:2   | Found a transporter.
 19559 | Lair:2   | Found a transporter.
 19560 | Lair:2   | Noticed a seven-headed hydra
 19788 | Lair:2   | HP: 4/104 [black mamba (4)]
 19791 | Lair:2   | Reached skill level 12 in Axes
 20465 | Lair:2   | You fall into a shaft and drop 1 floor!
 20491 | Lair:3   | Noticed a four-headed hydra
 20542 | Lair:3   | Banished a four-headed hydra
 21994 | Lair:3   | Reached skill level 13 in Axes
 22319 | Lair:3   | Noticed an ice dragon
 22570 | Lair:3   | Banished an ice dragon
 22999 | Lair:4   | Reached XP level 13. HP: 101/111 MP: 20/20
 23919 | Lair:4   | Reached skill level 14 in Axes
 25299 | Lair:4   | Found a staircase to the Swamp.
 25419 | Lair:4   | Found a broken altar of Ashenzari.
 26664 | D:11     | You fall into a shaft and drop 2 floors!
 26713 | D:13     | Noticed Rupert
 27679 | D:12     | Reached skill level 15 in Axes
 27941 | D:11     | Reached XP level 14. HP: 105/119 MP: 21/21
 28924 | D:13     | Found a gate to the Vaults.
 29422 | D:13     | Reached skill level 10 in Fighting
 30957 | D:13     | Found a sparkling altar of Nemelex Xobeh.
 32807 | D:12     | Found a staircase to the Orcish Mines.
 33345 | D:12     | Found the +3 warlock's mirror {reflect}
 34017 | Orc:1    | Entered Level 1 of the Orcish Mines
 34275 | Orc:1    | Reached ***** piety under Lugonu
 34281 | Orc:1    | Noticed Urug
 34664 | D:12     | Killed Urug
 35126 | Orc:1    | Found a shimmering altar of Xom.
 35188 | Orc:1    | Reached skill level 16 in Axes
 35251 | Orc:1    | Found a runed translucent gate.
 35251 | Orc:1    | Noticed Puloh's ghost (journeyman TrFi)
 35269 | Orc:1    | Identified the +5 chain mail of Tirhoson {Dex+4}
 35270 | Orc:1    | Found a runed translucent gate.
 35271 | Orc:1    | Found a runed translucent gate.
 35271 | Orc:1    | Found a roughly hewn altar of Beogh.
 35271 | Orc:1    | Identified the +7 hand axe "Muupp" {flame, rF+ Int+5}
 35489 | Orc:2    | Entered Level 2 of the Orcish Mines
 35494 | Orc:2    | Reached skill level 15 in Shields
 35725 | Orc:2    | Found Wer Tufu's Magic Scroll Boutique.
 36014 | Orc:2    | Reached XP level 15. HP: 102/129 MP: 22/22
 36028 | Orc:2    | Corrupted Orc:2
 36028 | Orc:2    | Noticed a tentacled starspawn
 36029 | Orc:2    | Noticed a tentacled starspawn
 36033 | Orc:2    | Slain by a large abomination

Illustrated notes

Levels and vault maps discovered:
D:1:      zelgadis_glass_arrival_small, layout_rooms, serial_shops,
          nicolae_shop_trees, minmay_fountain_box, minmay_crystal_water
D:2:      layout_rooms, basic_ecumenical_altar
D:3:      layout_basic, gammafunk_ghost_mausoleum
D:4:      layout_cave_pools, uniq_robin
D:5:      layout_loops_ring
D:6:      layout_layer_cave, uniq_prince_ribbit1
D:7:      layout_gridville, minmay_temple_entry_wispy, serial_shops, shop
D:8:      layout_basic, uniq_pikel
D:9:      layout_layer_cave, xom_teletrap_fun, minmay_misc_feat_rows,
          kennysheep_generic_room_7, uniq_maurice
D:10:     layout_grid_maze, david_lair_generic
D:11:     layout_basic
D:12:     minmay_smoke_and_mirrors, layout_layer_cave, hiddenorc2_lemuel,
          kennysheep_generic_room_8
D:13:     layout_roguey, david_vaults_3, nemelex_altar_shiori
Lair:1:   layout_loops_ring, basic_altar, cheibrodos_lair_lostbears,
          infiniplex_staircase_pool, grunt_megastairs_3, serial_bayou_shore_b,
          minmay_lair_oklob_chamber, lemuel_fruit_tree, serial_bayou_shore_b
Lair:2:   layout_regular_city, dummy_spider_entry, nzn_ghost_randoct,
          minivault_24
Lair:3:   dragon1_lemuel, layout_cave_pods, hangedman_lair_unloving_vines,
          nicolae_quartered_pool_little, beast_lair_carwin_8
Lair:4:   layout_cave_pods, minmay_swamp_entry_swarm, lemuel_oklob_altar,
          grunt_megastairs_2, lemuel_fruit_fields
Lair:5:   layout_small_grid, beast_lair_carwin_1
Orc:1:    cheibrodos_orc_guarddog, layout_caves, basic_altar,
          biasface_ghost_orc_armoury, uniq_urug
Orc:2:    st_orc_open, layout_caves, serial_shops, shop, shop,
          nicolae_shop_statue_plus, shop, nicolae_shop_behind_doors

Skill      XL: |  1  2  3  4  5  6  7  8  9 10 11 12 13 14 |
---------------+-------------------------------------------+-----
Axes           | 3 4 5 6 7 8 9 10 11 13 15 16 | 16.0
Invocations    | 3 4 5 6 7 8 10 | 10.6
Dodging        | 1 2 |  2.1
Armour         | 3 5 6 7 9 10 11 12 14 | 14.1
Shields        | 1 2 4 6 8 10 11 13 15 | 15.0
Fighting       | 4 5 6 8 9 11 | 11.2

Action                   |  1- 3 |  4- 6 |  7- 9 | 10-12 | 13-15 || total
-------------------------+-------+-------+-------+-------+-------++-------
Melee: Hand axe          |   102 |   342 |   197 |   904 |  1796 ||  3341
       Spear             |       |       |   186 |   377 |       ||   563
       War axe           |       |       |       |       |   245 ||   245
Throw: Javelin           |       |       |       |     4 |     4 ||     8
Invok: Depart the Abyss  |     1 |       |       |       |       ||     1
       Bend Space        |       |     1 |     1 |     1 |     2 ||     5
       Banish            |       |       |     1 |    16 |    16 ||    33
       Corrupt           |       |       |       |       |     1 ||     1
Evoke: Wand              |       |     2 |       |       |       ||     2
       Lightning rod     |       |       |       |       |     3 ||     3
  Use: Potion            |     1 |     4 |     1 |     1 |       ||     7
       Scroll            |       |     4 |       |     9 |    10 ||    23
 Stab: Paralysed         |       |     8 |       |       |       ||     8
Armor: Leather armour    |    15 |       |       |       |       ||    15
       Chain mail        |    29 |   176 |   147 |    20 |       ||   372
       Plate armour      |       |       |       |   359 |   534 ||   893
Dodge: Dodged            |    60 |   139 |   146 |   314 |   459 ||  1118
Block: Kite shield       |       |   176 |   253 |   795 |  1024 ||  2248

Table legend: (Time is in decaauts)
 A = Elapsed time spent in this place.
 B = Non-inter-level travel time spent in this place.
 C = Inter-level travel time spent in this place.
 D = Time resting spent in this place.
 E = Time spent auto-exploring this place.
 F = Levels seen in this place.
 G = Mean time per level.
                   A        B        C        D        E       F      G
               +--------+--------+--------+--------+--------+-----+--------+
         Total |  35330 |  33266 |   2064 |  13263 |  11451 |  21 | 1682.4 |
       Dungeon |  24220 |  22581 |   1639 |   8033 |   8803 |  13 | 1863.1 |
          Lair |   9821 |   9480 |    341 |   4889 |   2160 |   5 | 1964.2 |
  Orcish Mines |   1288 |   1205 |     83 |    341 |    488 |   2 |  644.0 |
         Abyss |      0 |      0 |      0 |      0 |      0 |   1 |    0.0 |
               +--------+--------+--------+--------+--------+-----+--------+

Top non-repeatable levels by time:
    D:12: 3938 daAuts
  Lair:1: 3792 daAuts
  Lair:4: 3249 daAuts
     D:7: 2773 daAuts
    D:13: 2757 daAuts
     D:6: 2464 daAuts
  Lair:3: 2156 daAuts
     D:8: 1855 daAuts
     D:5: 1831 daAuts
    D:10: 1779 daAuts
     D:9: 1530 daAuts
     D:2: 1227 daAuts
   Orc:1: 1221 daAuts
     D:1: 1155 daAuts
     D:3: 1150 daAuts
